[Event "*** Titled Tuesday Blitz"]
[Site "Chess.com"]
[Date "2021.02.09"]
[Round "5"]
[White "Hypercar"]
[Black "Aslanov_Umid"]
[Result "0-1"]
[WhiteElo "2497"]
[BlackElo "2361"]
[TimeControl "180+1"]
[EndTime "10:57:44 PST"]
[Termination "Aslanov_Umid won by checkmate"]

1. d4 Nf6 2. c4 g6 3. Nf3 Bg7 4. g3 d6 5. Bg2 O-O 6. O-O Nbd7 7. b3 e5 8. Bb2 e4 9. Nfd2 Qe7 10. e3 Re8 11.
Nc3 Nf8 12. d5 Bf5 13. b4 h5 14. Nb3 N8h7 15. Nd4 Bg4 16. Qc2 Ng5 17. Rac1 h4 18.
Nce2 Nh5 19. Nf4 Nxf4 20. exf4 Nf3+ 21. Nxf3 Bxf3 22. Bxg7 Kxg7 23. Bxf3 exf3 24. Qc3+ Qf6 25. Qxf3 a5 26. b5 a4 27. Rfe1 h3 28. a3 Qb2 29. f5 Qd2 30. Red1 Qe2 31. f6+ Kh6 32. Qf4+ g5 33. Qf5 g4 34. Rf1 Qe4 35. Qxe4 Rxe4 36.
Rfe1 Rae8 37. Kf1 Rxe1+ 38. Rxe1 Rxe1+ 39. Kxe1 Kg5 40. f4+ Kf5 41. Ke2 Ke4 42. c5 Kxd5 43. cxd6 Kxd6 44. Kd3 Kc5 45. Ke4 Kxb5 46. Kf5 c5 47.
Kxg4 c4 48. Kg5 c3 49. Kh6 c2 50. Kg7 c1=Q 51. Kxf7 Qxa3 52. Kg7 Qb3 53. f7 Qxf7+ 54.
Kxf7 a3 55. g4 a2 56. g5 a1=Q 57. g6 Qa2+ 58. Kf6 Qxh2 59. f5 Qd6+ 60. Kf7 h2 61. f6 h1=Q 62. g7 Qhd5+ 63. Kg6 Q5e6 64. Kg5 Qxf6+ 65. Kh5 Qh2+ 66. Kg4 Qhh4# 0-1

[Event "*** Titled Tuesday Blitz"]
[Site "Chess.com"]
[Date "2021.02.09"]
[Round "5"]
[White "LiamVrolijk"]
[Black "oneshot007"]
[Result "1-0"]
[WhiteElo "2887"]
[BlackElo "2550"]
[TimeControl "180+1"]
[EndTime "10:57:45 PST"]
[Termination "LiamVrolijk won by checkmate"]

1. d4 d5 2. c4 Nc6 3. e3 Nf6 4. Nf3 Bg4 5. Nc3 e6 6. h3 Bh5 7. g4 Bg6 8. Nh4 Bb4 9. Nxg6 hxg6 10. Bd2 g5 11. Bg2 Bxc3 12. Bxc3 dxc4 13. Qa4 Nd5 14. Qxc4 O-O 15. O-O Nce7 16. Rfc1 c6 17. Bb4 Nxb4 18.
Qxb4 Qd7 19. Qc5 Nd5 20. b4 a6 21. Rab1 Rfd8 22. a4 g6 23. Bf1 Rac8 24. Bg2 Kg7 25. Qc2 Qd6 26. Qb2 Nf6 27. Rc5 Kh6 28. Rbc1 Nd5 29. Bxd5 exd5 30. b5 axb5 31. axb5 Kg7 32. Qc2 Rh8 33. Kg2 Qe6 34. bxc6 bxc6 35. Qd3 Rh4 36. Qe2 f5 37. f3 Rhh8 38. Qf2 Rhe8 39.
R1c3 Kf6 40. Qg3 Re7 41. h4 Rb7 42. hxg5+ Kxg5 43. gxf5+ Kxf5 44. Qf4# 1-0

[Event "*** Titled Tuesday Blitz"]
[Site "Chess.com"]
[Date "2021.02.09"]
[Round "5"]
[White "FairChess_on_YouTube"]
[Black "12teen"]
[Result "0-1"]
[WhiteElo "2945"]
[BlackElo "2850"]
[TimeControl "180+1"]
[EndTime "10:57:46 PST"]
[Termination "12teen won by resignation"]

1. d4 Nf6 2. Bg5 b6 3. Nd2 Bb7 4. e3 e6 5. c3 Be7 6. Ngf3 d5 7.
Ne5 Nbd7 8. f4 O-O 9. Bd3 Ne4 10. Bxe7 Qxe7 11. O-O f6 12. Nxd7 Qxd7 13. Rf3 f5 14.
Rh3 Nxd2 15. Qxd2 c5 16. g4 g6 17. gxf5 exf5 18. Kf2 Rae8 19. Rg1 Re6 20. Rhg3 Qe7 21.
Rg5 Kg7 22. R1g3 Ref6 23. Rh3 h6 24. Rg1 Bc8 25. Qe2 Kh7 26. Qf3 Re8 27. Qg3 Re6 28. Qg5 Qxg5 29. fxg5 h5 30. Rf3 c4 31. Bc2 Kg7 32.
b4 Bd7 33. a4 a6 34. h4 R8e7 35. Re1 Rd6 36. Rf4 Bc8 37. Ra1 Bd7 38. Bd1 Rde6 39.
Rf3 Re4 40. Rh3 f4 41. Rh2 fxe3+ 42. Ke1 Rf4 43. b5 a5 44. Be2 Bf5 45. Ra2 Bd3 46.
Rh3 Ree4 47. Rb2 Rxh4 48. Rxh4 Rxh4 49. Bf3 Rf4 50. Bg2 h4 51. Re2 Bxe2 52. Kxe2 Rf2+ 53. Kxe3 Rxg2 0-1

[Event "*** Titled Tuesday Blitz"]
[Site "Chess.com"]
[Date "2021.02.09"]
[Round "5"]
[White "CheckThis4"]
[Black "Bulldog167"]
[Result "0-1"]
[WhiteElo "2596"]
[BlackElo "2837"]
[TimeControl "180+1"]
[EndTime "10:57:46 PST"]
[Termination "Bulldog167 won by resignation"]

1. e4 c5 2. Nf3 Nc6 3. Nc3 d6 4. d4 cxd4 5. Nxd4 Nf6 6. Bg5 e6 7. Qd2 a6 8. O-O-O Bd7 9. Kb1 h6 10. Be3 Ng4 11. Nxc6 bxc6 12. Bf4 e5 13. Bg3 Be7 14. h3 Nf6 15. Bc4 Be6 16. Bxe6 fxe6 17. f4 exf4 18. Bxf4 e5 19. Be3 Qc8 20. g4 Qe6 21.
Rhg1 O-O-O 22. Qd3 Kb7 23. Na4 c5 24. h4 Qd7 25.
Nc3 Qc6 26. g5 hxg5 27. hxg5 Nd7 28. Nd5 Rde8 29. a4 Bd8 30. Qb3+ Ka7 31. Rgf1 Rhf8 32. Rf5 g6 33. Rff1 Nb6 34. Nxb6 Bxb6 35. Rf7+ Ka8 36. Rdf1 Rxf7 37. Qxf7 Rb8 38. Qd5 Qxd5 39. exd5 Ba5 40.
Rf6 Bc3 41. b3 c4 42. Rxd6 cxb3 43. cxb3 Rxb3+ 44. Kc2 Ra3 45. Rxa6+ Kb7 46. Rxg6 Ba5 47. Bc5 Rc3+ 48. Kb2 Rxc5 49. d6 Kc6 50. Re6 Kd5 51. d7 Kxe6 0-1

[Event "*** Titled Tuesday Blitz"]
[Site "Chess.com"]
[Date "2021.02.09"]
[Round "5"]
[White "rogapa"]
[Black "NMJeevanK"]
[Result "1-0"]
[WhiteElo "2734"]
[BlackElo "2507"]
[TimeControl "180+1"]
[EndTime "10:57:47 PST"]
[Termination "rogapa won by resignation"]

1. e4 e5 2. Nf3 Nc6 3. Bc4 Bc5 4.
c3 Nge7 5. d4 exd4 6. cxd4 Bb4+ 7.
Nc3 O-O 8. O-O Bxc3 9. bxc3 d5 10.
exd5 Nxd5 11. Bd2 Be6 12. Bd3 Bg4 13. Rb1 Rb8 14. Re1 Qf6 15. Be4 Nb6 16. Qc2 g6 17. Bg5 Qd6 18. h3 Be6 19. Bh6 Rfe8 20. Qd2 Bd5 21. Bxd5 Qxd5 22. Qf4 Qd6 23. Qh4 Ne7 24. Bf4 Qa3 25. Ng5 h5 26. Ne4 Nbd5 27. Be5 Nf5 28.
Nf6+ Kf8 29. Qg5 Nxf6 30. Qxf6 Qa6 31. Qh8+ Ke7 32. Qh7 Qxa2 33. Bxc7+ Kd7 34. Bxb8 Rxb8 35. d5 Nd6 36. Qg7 Qxd5 37. Rbd1 Qc5 38. Qf6 Kc6 39. c4 Rc8 40. Rd5 Qb4 41. Red1 Rd8 42. Qxd8 Nxc4 43. Qc8+ Kb6 44. Rd7 Ka6 45. Ra1+ Na5 46. Rxb7 Qxb7 47.
Rxa5+ Kb6 48. Rb5+ 1-0

[Event "*** Titled Tuesday Blitz"]
[Site "Chess.com"]
[Date "2021.02.09"]
[Round "5"]
[White "dragos420"]
[Black "agartha01"]
[Result "1/2-1/2"]
[WhiteElo "2488"]
[BlackElo "2311"]
[TimeControl "180+1"]
[EndTime "10:57:47 PST"]
[Termination "Game drawn by repetition"]

1. e4 c5 2. Nf3 e6 3. c3 Nf6 4. e5 Nd5 5. d4 cxd4 6. cxd4 b6 7.
Bc4 Ba6 8. b3 Bb4+ 9. Bd2 Bxd2+ 10. Nbxd2 O-O 11. O-O Bb7 12. Re1 f5 13. exf6 Nxf6 14. Bd3 Bd5 15. Rc1 Nc6 16. Bb1 g6 17. Ne4 Bxe4 18. Bxe4 Nxe4 19. Rxe4 Ne7 20. Qe2 Nd5 21.
h4 Rc8 22. Qd2 Qf6 23. Rxc8 Rxc8 24. Ne5 Qf5 25. f3 Nf6 26. Re2 Qb1+ 27. Kh2 Rc1 28. Kg3 Rf1 29. Qg5 Nh5+ 30. Kg4 Qf5+ 31. Qxf5 exf5+ 32. Kg5 Kg7 33. Nxg6 hxg6 34. Re7+ Kf8 35. Rxd7 Rg1 36. Kxg6 Nf4+ 37. Kxf5 Nxg2 38. h5 Nh4+ 39. Kf6 Kg8 40. Rxa7 Nxf3 41. h6 Nxd4 42. Rb7 b5 43. a4 bxa4 44. bxa4 Rf1+ 45. Kg6 Rg1+ 46. Kf6 Rf1+ 47. Kg6 Rg1+ 48. Kf6 1/2-1/2

[Event "*** Titled Tuesday Blitz"]
[Site "Chess.com"]
[Date "2021.02.09"]
[Round "5"]
[White "dennisodessa"]
[Black "zimmm36"]
[Result "1-0"]
[WhiteElo "2473"]
[BlackElo "2215"]
[TimeControl "180+1"]
[EndTime "10:57:47 PST"]
[Termination "dennisodessa won by checkmate"]

1. d4 Nf6 2. c4 e6 3. Nc3 Bb4 4. Qc2 d5 5. a3 Bxc3+ 6. Qxc3 Ne4 7. Qc2 O-O 8. Bf4 Nd7 9. e3 c6 10. Bd3 f5 11. f3 Nef6 12. Ne2 Nb6 13. O-O dxc4 14. Bxc4 Nxc4 15. Qxc4 Qd5 16. Qc2 b6 17. Nc3 Qd7 18. Rfe1 Bb7 19. Rad1 Nd5 20. Be5 Nxc3 21. Qxc3 Rac8 22. e4 fxe4 23. fxe4 Qf7 24. Rf1 Qe7 25.
Qg3 Rxf1+ 26. Rxf1 c5 27. Bd6 Qd7 28. Qf4 h6 29.
Rd1 Bxe4 30. dxc5 Bd5 31. b4 Qb7 32. Qg3 Rd8 33. Rf1 bxc5 34. bxc5 Qb3 35. Qf4 Qa2 36.
Qg3 Qb3 37. Qg6 Qa2 38. h3 Qc4 39. Rf7 Qd4+ 40. Kh2 e5 41. Qxg7# 1-0

[Event "*** Titled Tuesday Blitz"]
[Site "Chess.com"]
[Date "2021.02.09"]
[Round "5"]
[White "Euwe1234"]
[Black "VladimirBugayev"]
[Result "1-0"]
[WhiteElo "2456"]
[BlackElo "2272"]
[TimeControl "180+1"]
[EndTime "10:57:47 PST"]
[Termination "Euwe1234 won on time"]

1. e4 c6 2. d4 d5 3. e5 Bf5 4. Nf3 e6 5. Be2 c5 6. Be3 Qb6 7. Nc3 Nc6 8. O-O Qxb2 9. Nb5 c4 10. Rb1 Qxc2 11. Qxc2 Bxc2 12. Rb2 Ba4 13. Nc7+ Kd7 14. Nxa8 b5 15. Bd1 Ba3 16. Rb1 Bxd1 17. Rxb5 Bc2 18. Rb7+ Kc8 19. Rc7+ Kb8 20. Rxc6 Kxa8 21. Rc8+ Kb7 22.
Rd8 Be7 23. Rd7+ Ka6 24. Ng5 Bxg5 25. Bxg5 Nh6 26. Bxh6 gxh6 27. Rxf7 Bd3 28. Rc1 Rb8 29.
Rf6 Bf5 30. f3 h5 31. Rc3 Kb5 32. a3 Ka4 33. Kf2 Rb3 34. Rc1 c3 35. Rxf5 exf5 36.
e6 Kxa3 37. e7 Rb8 38. Rxc3+ Kb4 39. Rc5 Re8 40. Rxd5 Rxe7 41. Rxf5 a5 42. Rf8 Ra7 43. Rb8+ Kc4 44. Ke3 a4 45. Rc8+ Kd5 46. Rc5+ Kd6 47.
Rc2 a3 48. Ra2 Kd5 49. f4 Kc4 50. f5 Re7+ 51. Kf4 Kb3 52. Ra1 Kb2 53. Rf1 a2 54. d5 Rc7 55. d6 Rc1 56. Rxc1 Kxc1 57. d7 a1=Q 58. d8=Q Qa4+ 59. Ke5 Qb5+ 60. Qd5 1-0

[Event "*** Titled Tuesday Blitz"]
[Site "Chess.com"]
[Date "2021.02.09"]
[Round "5"]
[White "Grandmaster1369"]
[Black "CakeinSpace2002"]
[Result "0-1"]
[WhiteElo "2192"]
[BlackElo "2356"]
[TimeControl "180+1"]
[EndTime "10:57:47 PST"]
[Termination "CakeinSpace2002 won on time"]

1. e4 c5 2. Nf3 Nc6 3. Bb5 g6 4. Bxc6 dxc6 5. d3 Bg7 6. h3 Qc7 7. Nc3 e5 8. Be3 b6 9. Qd2 f5 10. exf5 gxf5 11. Bg5 Ne7 12. O-O-O O-O 13. Bh6 Ng6 14.
Rhe1 Ba6 15. Bxg7 Qxg7 16. h4 Rae8 17. h5 Nf4 18. h6 Qf6 19. g3 Nd5 20. Nh4 Re6 21.
Nxd5 cxd5 22. f4 Qxh6 23. Rxe5 Rxe5 24. fxe5 Qxd2+ 25. Kxd2 f4 26. gxf4 Rxf4 27. Rh1 d4 28. Rg1+ Kf8 29. Ng2 Rf2+ 30. Kc1 Bb7 31. Ne1 Re2 32. Kd1 Rxe5 33. Rf1+ Kg7 34. Nf3 Bxf3+ 35. Rxf3 h5 36. Rg3+ Kh6 37. Rh3 Kg5 38. Kd2 Kg4 39. Rh1 h4 40. c3 h3 41. b4 Kg3 42. bxc5 bxc5 43. cxd4 cxd4 44. Rg1+ Kf2 45. Rg8 h2 46. Rf8+ Kg3 47. Rh8 Rf5 48. Ke2 Rf2+ 49. Ke1 Rxa2 50. Rg8+ Kf3 51. Rh8 h1=Q+ 52. Rxh1 Ra1+ 53. Kd2 Rxh1 54. Kc2 Ke3 55. Kb3 Kxd3 56. Ka4 Kc4 0-1

[Event "*** Titled Tuesday Blitz"]
[Site "Chess.com"]
[Date "2021.02.09"]
[Round "5"]
[White "KruHor"]
[Black "ZarinaShafigullina"]
[Result "0-1"]
[WhiteElo "2567"]
[BlackElo "2415"]
[TimeControl "180+1"]
[EndTime "10:57:48 PST"]
[Termination "ZarinaShafigullina won on time"]

1. e4 c5 2. Nf3 Nc6 3. d4 cxd4 4.
Nxd4 Nf6 5. Nc3 e5 6. Ndb5 d6 7. a4 Be7 8. Be2 a6 9. Na3 Nd4 10. Be3 Nxe2 11. Qxe2 Be6 12. Nc4 Qc7 13. Nb6 Rd8 14.
O-O-O Qc6 15. Ncd5 Nxe4 16. Rd3 Nc5 17. Bxc5 dxc5 18.
Rhd1 f6 19. Qh5+ Bf7 20. Qg4 g6 21. Nxe7 Kxe7 22. Rd7+ Rxd7 23. Rxd7+ Kf8 24. Rd8+ Kg7 25. Rxh8 Kxh8 26. a5 Be6 27. Qh4 Kg7 28. f3 c4 29.
Qe4 Qxe4 30. fxe4 f5 31. Kd2 f4 32. Kc3 g5 33. Nxc4 Bxc4 34. Kxc4 g4 35. Kd3 Kf6 36. c4 Ke6 37. b4 Kd6 38. Ke2 Kc6 39. h3 h5 40. hxg4 hxg4 41. Kf2 b6 42. axb6 Kxb6 43. Ke2 a5 44. bxa5+ Kxa5 45. Kd2 Kb4 46. Kd3 Kc5 47. Kc3 Kc6 48. Kd3 Kd6 49. Kd2 Kc5 50. Kc3 Kb6 51.
Kc2 Ka5 0-1

[Event "*** Titled Tuesday Blitz"]
[Site "Chess.com"]
[Date "2021.02.09"]
[Round "5"]
[White "Piccadilly123"]
[Black "KarateBaby"]
[Result "0-1"]
[WhiteElo "2187"]
[BlackElo "2407"]
[TimeControl "180+1"]
[EndTime "10:57:51 PST"]
[Termination "KarateBaby won by checkmate"]

1. e4 g6 2. Nf3 Bg7 3. g3 c5 4.
Bg2 d6 5. O-O Nc6 6. d3 e5 7.
Nbd2 Nge7 8. Re1 h6 9. Nf1 Be6 10. c3 O-O 11. a4 b6 12. Ne3 Qd7 13. Qc2 f5 14. Nd2 f4 15. Nd5 g5 16. Nc4 Rf7 17.
gxf4 exf4 18. Nxe7+ Nxe7 19. f3 d5 20. exd5 Bxd5 21.
Ne5 Bxe5 22. Rxe5 Nf5 23. Bd2 Nh4 24. Be1 Nxf3+ 25. Bxf3 Bxf3 26. Qf2 Qg4+ 27. Kf1 Rd8 28. d4 cxd4 29. cxd4 Bb7 30. Bc3 Ba6+ 31. Ke1 Rdd7 32. Kd2 Rfe7 33. Rae1 Rxe5 34. Rxe5 Qh3 35. Kc1 Qd3 36.
Qe1 Qf1 37. Qxf1 Bxf1 38. Kd2 Bc4 39. Ke1 Kf7 40. Kf2 Re7 41. Kf3 Rxe5 42. dxe5 Ke6 43.
Kg4 Be2+ 44. Kh3 Kf5 45. b4 g4+ 46. Kg2 h5 47. a5 bxa5 48. bxa5 a6 49. Kf2 Bb5 50. Kg2 h4 51. Kf2 h3 52. Kg1 g3 53.
hxg3 fxg3 54. Be1 h2+ 55. Kg2 Bc6+ 56. Kxg3 h1=Q 57. Kf2 Ke6 58. Ke3 Qe4+ 59. Kd2 Qxe5 60. Bf2 Qxa5+ 61. Ke2 Qa2+ 62. Kf1 Bb5+ 63. Ke1 Qe2# 0-1

[Event "*** Titled Tuesday Blitz"]
[Site "Chess.com"]
[Date "2021.02.09"]
[Round "5"]
[White "DenishevM"]
[Black "Yaacovn"]
[Result "0-1"]
[WhiteElo "2594"]
[BlackElo "2847"]
[TimeControl "180+1"]
[EndTime "10:57:53 PST"]
[Termination "Yaacovn won by resignation"]

1. Nf3 Nf6 2. b3 b6 3. Bb2 Bb7 4. c4 g6 5. g3 Bg7 6. Bg2 O-O 7. O-O c5 8. d4 cxd4 9. Qxd4 d5 10. cxd5 Qxd5 11.
Qxd5 Nxd5 12. Bxg7 Kxg7 13. Na3 Nc3 14. Rfe1 Na6 15.
Nc4 Nb4 16. Nd4 Rad8 17. a3 Bxg2 18. Kxg2 Rxd4 19. axb4 Nb5 20. e3 Rd3 21. Ne5 Rxb3 22. Nc6 Ra8 23. Red1 Kf6 24. Rd7 Rc3 25. Nxe7 Ke6 26.
Rb7 Rc7 27. Rxc7 Nxc7 28. Nc6 Nb5 29. Rd1 Rc8 30. Nd4+ Nxd4 31. Rxd4 a5 32. bxa5 bxa5 33. Ra4 Ra8 34. Kf3 Kd5 35. Kf4 f6 36. h4 Kc5 37.
h5 Kb5 38. Ra1 a4 39. hxg6 hxg6 40. g4 Kc4 41. g5 f5 42. f3 a3 43. e4 fxe4 44. fxe4 Ra5 45. Ra2 Kd4 46. Ra1 a2 47. e5 Kd5 48. Rd1+ Ke6 49. Ra1 Ra4+ 50. Kf3 Kxe5 0-1

[Event "*** Titled Tuesday Blitz"]
[Site "Chess.com"]
[Date "2021.02.09"]
[Round "5"]
[White "WiktoriaPOL"]
[Black "Akhayan"]
[Result "0-1"]
[WhiteElo "2024"]
[BlackElo "2292"]
[TimeControl "180+1"]
[EndTime "10:57:53 PST"]
[Termination "Akhayan won by resignation"]

1. e4 e6 2. d4 d5 3. e5 c5 4. c3 Nc6 5. Nf3 Qb6 6. Bd3 Bd7 7. O-O cxd4 8. cxd4 Nxd4 9. Nbd2 Nh6 10. b3 Bc5 11.
Bb2 Nhf5 12. Rc1 O-O 13. Nxd4 Bxd4 14. Ba3 Rfc8 15. Qe2 Qa5 16. Bd6 Nxd6 17. exd6 Bf6 18. Nf3 g6 19. Ne5 Qd8 20. f4 Be8 21. Kh1 Qxd6 22.
Ng4 Bg7 23. Qd2 Bd7 24. Rxc8+ Rxc8 25. Rc1 Rxc1+ 26. Qxc1 Qc6 27. Qxc6 bxc6 28. Ne5 Be8 29. Ba6 Kf8 30. Bb7 Bxe5 31. fxe5 Ke7 32. Kg1 Kd8 33. Kf2 Kc7 34. Ba6 c5 35. Ke3 Kb6 36. Bd3 Ka5 37.
g4 Kb4 38. Bb1 c4 39. Kd2 d4 40. bxc4 Kxc4 41. Bd3+ Kd5 42. h4 Kxe5 43. h5 Kf4 44. hxg6 hxg6 45. Be2 e5 46. Kd3 Bb5+ 47. Kd2 Bxe2 48.
Kxe2 Kxg4 0-1

[Event "*** Titled Tuesday Blitz"]
[Site "Chess.com"]
[Date "2021.02.09"]
[Round "5"]
[White "Pogosian_Manvel"]
[Black "Lion-Al-Messi"]
[Result "1-0"]
[WhiteElo "2401"]
[BlackElo "2539"]
[TimeControl "180+1"]
[EndTime "10:57:54 PST"]
[Termination "Pogosian_Manvel won by checkmate"]

1. d4 d5 2. c4 c6 3. Nc3 Nf6 4. Nf3 dxc4 5. e4 b5 6. e5 Nd5 7.
a4 e6 8. axb5 Nxc3 9. bxc3 cxb5 10. Ng5 Bb7 11. Qh5 g6 12. Qg4 Be7 13. h4 h5 14. Qg3 Nd7 15. Nxe6 fxe6 16. Qxg6+ Kf8 17. Bh6+ Rxh6 18. Qxh6+ Kg8 19. Qxe6+ Kg7 20. Rh3 Bxh4 21. Rxh4 Nf8 22. Qh3 Qg5 23. Rxh5 Qg6 24. Rh4 Qc2 25. Qg3+ Kf7 26. Rf4+ Ke8 27. Be2 b4 28. cxb4 a6 29. Kf1 Qb2 30. Rd1 Bd5 31. Bh5+ Kd7 32. Qg7+ Kc6 33.
Rf6+ Kb5 34. Rxf8 c3 35. Be2+ Ka4 36. Rxa8 Bxa8 37. Qa7 Be4 38. Qxa6+ Kb3 39. Qc4+ Ka3 40. f3 Bc2 41. Re1 Bb3 42. Qa6+ Kxb4 43. Qb5+ Ka3 44. Qc5+ Ka4 45. Bb5+ Ka5 46. Bc6+ Ka6 47. Qb5+ Ka7 48. Qb7# 1-0

[Event "*** Titled Tuesday Blitz"]
[Site "Chess.com"]
[Date "2021.02.09"]
[Round "5"]
[White "sokidze"]
[Black "JasperBeukema"]
[Result "1-0"]
[WhiteElo "2512"]
[BlackElo "2330"]
[TimeControl "180+1"]
[EndTime "10:57:54 PST"]
[Termination "sokidze won by resignation"]

1. e4 e5 2. Nf3 Nc6 3. Bb5 g6 4. d4 exd4 5. c3 Bg7 6. cxd4 a6 7. Ba4 b5 8. Bc2 d6 9. O-O Nge7 10. d5 Nb4 11. Bb3 a5 12. a3 Na6 13. Nd4 Bd7 14. Be3 O-O 15. Nd2 Nc5 16. Ba2 b4 17.
axb4 axb4 18. Qc2 Qb8 19. Bc4 f5 20. f3 fxe4 21. fxe4 Rxa1 22. Rxa1 g5 23. N2f3 h6 24. Rf1 Qe8 25. e5 Nf5 26. Bf2 Nxd4 27. Bxd4 Bf5 28.
Qe2 Qh5 29. Qe3 g4 30. Nd2 Qg5 31. Qxg5 hxg5 32. Bxc5 dxc5 33. d6+ Kh8 34. dxc7 Bxe5 35. Rxf5 Bd4+ 36. Kh1 Rc8 37. Rf7 Be5 38. Be6 Rxc7 39. Rxc7 Bxc7 40. Bxg4 Be5 41. b3 Bf4 42. Nc4 Be3 43.
Nxe3 Kg7 44. Nc4 Kf6 45. g3 Kg6 46. Kg2 Kf6 47. Kf3 Kg6 48. h4 Kf6 49. h5 Ke7 50.
Ke4 Kf6 51. Kd5 1-0

[Event "*** Titled Tuesday Blitz"]
[Site "Chess.com"]
[Date "2021.02.09"]
[Round "5"]
[White "PowerThinking2650"]
[Black "RafalBRC"]
[Result "1-0"]
[WhiteElo "2399"]
[BlackElo "2086"]
[TimeControl "180+1"]
[EndTime "10:57:55 PST"]
[Termination "PowerThinking2650 won on time"]

1. e4 e6 2. d4 d5 3. Nd2 dxe4 4. Nxe4 Bd7 5. Nf3 Bc6 6. Bd3 Nd7 7. Bg5 Ngf6 8. Bxf6 Nxf6 9. Qe2 Be7 10. O-O-O Qd5 11. c4 Qa5 12. Kb1 Rd8 13. h4 Bxe4 14. Bxe4 c6 15.
Ne5 Qb6 16. c5 Qb4 17. a3 Qa5 18. Bc2 Qc7 19. h5 b6 20. cxb6 axb6 21. h6 g6 22. g4 O-O 23. f4 c5 24. dxc5 Bxc5 25. f5 Bd4 26. Nf3 e5 27. fxg6 hxg6 28. h7+ Kh8 29. g5 Nh5 30. Nxd4 exd4 31. Qg4 Qf4 32. Qg2 Rfe8 33.
Rhf1 Qc7 34. Bb3 Re7 35. Qg4 Kxh7 36. Rxd4 Rxd4 37. Qxd4 Kg8 38. Qd3 Kh7 39. Bc2 Ng3 40. Rxf7+ Rxf7 41. Qxg6+ Kh8 42. Qh6+ Kg8 43. Bb3 Nf5 44.
Qg6+ Ng7 45. Ka2 Kf8 46. Qh7 1-0

[Event "*** Titled Tuesday Blitz"]
[Site "Chess.com"]
[Date "2021.02.09"]
[Round "5"]
[White "mishanick"]
[Black "KaterinaMiroshnik"]
[Result "1/2-1/2"]
[WhiteElo "2924"]
[BlackElo "2619"]
[TimeControl "180+1"]
[EndTime "10:57:56 PST"]
[Termination "Game drawn by agreement"]

1. c4 e6 2. Nc3 Nf6 3. e4 d6 4.
d4 Nbd7 5. Nf3 e5 6. Be2 Be7 7. Be3 O-O 8. O-O c6 9. d5 Qc7 10. Ne1 a6 11. Rc1 c5 12. a3 Rb8 13. b4 cxb4 14.
axb4 b6 15. Nd3 Bb7 16. Qb3 Rfc8 17. Na4 Qd8 18. f3 Ne8 19. Rc2 a5 20. bxa5 bxa5 21. c5 dxc5 22. Qa2 c4 23. Rxc4 Ba6 24. Rxc8 Rxc8 25.
Rc1 Rxc1+ 26. Nxc1 Bxe2 27. Qxe2 Qc7 28. Qb5 Nd6 29.
Qb3 f5 30. exf5 Kf7 31. Nd3 Qc4 32. Qxc4 Nxc4 33. Ba7 Bb4 34. g4 Ke7 35. g5 Kd6 36. h4 Kxd5 37. h5 Nd6 38. f6 gxf6 39. g6 hxg6 40. hxg6 Nf5 41. Nf2 Nf8 42. Ne4 Nxg6 43.
Nxf6+ Kc4 44. Ne4 Kb5 45. Nb2 Nf4 46. Bb8 Ng6 47. Kf1 Ne3+ 48. Ke2 Nc4 49. Nd3 a4 50.
Kd1 a3 51. Kc2 a2 1/2-1/2

[Event "*** Titled Tuesday Blitz"]
[Site "Chess.com"]
[Date "2021.02.09"]
[Round "5"]
[White "RobertoJBM"]
[Black "ChessFighter1975"]
[Result "1-0"]
[WhiteElo "2715"]
[BlackElo "2428"]
[TimeControl "180+1"]
[EndTime "10:57:57 PST"]
[Termination "RobertoJBM won by resignation"]

1. d4 d6 2. e3 Nf6 3. Nf3 g6 4. Be2 Bg7 5. O-O O-O 6. c4 Nc6 7. d5 Nb8 8. Nc3 c5 9. e4 a6 10. Re1 e6 11. h3 exd5 12. exd5 Bf5 13. Bd3 Bxd3 14. Qxd3 Nbd7 15. Bf4 Qb6 16. Re2 Rfe8 17. Rae1 Rxe2 18. Rxe2 Re8 19. b3 h6 20. Ne4 Nxe4 21. Rxe4 Nf6 22. Rxe8+ Nxe8 23. Qe3 Nf6 24. Bxh6 Qa5 25.
Bxg7 Kxg7 26. Qd2 Qd8 27. g4 Kg8 28. Qe3 b5 29. Nd2 Nd7 30. f4 Nb6 31. Kg2 bxc4 32.
bxc4 Nd7 33. a3 Nf6 34. g5 Nh5 35. Kf3 Qa5 36. Ne4 Qb6 37. Nf6+ Nxf6 38. gxf6 Kh7 39. Qe7 Qb3+ 40. Kg4 Qd1+ 41. Kh4 g5+ 42. fxg5 Qd4+ 43.
Kg3 Qd3+ 44. Kf4 Qxc4+ 45. Qe4+ Qxe4+ 46. Kxe4 Kg6 47. h4 Kh5 48. Kf4 Kg6 49. Kg4 Kh7 50. h5 Kg8 51. Kf5 Kh7 52. g6+ fxg6+ 53. hxg6+ Kg8 54. f7+ Kf8 55. Kf6 1-0

[Event "*** Titled Tuesday Blitz"]
[Site "Chess.com"]
[Date "2021.02.09"]
[Round "5"]
[White "Genghis_K"]
[Black "vugarrasulov"]
[Result "1-0"]
[WhiteElo "2929"]
[BlackElo "2751"]
[TimeControl "180+1"]
[EndTime "10:57:58 PST"]
[Termination "Genghis_K won by resignation"]

1. e4 e5 2. Nf3 Nc6 3. Bb5 a6 4. Ba4 Nf6 5. O-O b5 6. Bb3 Bc5 7. a4 Rb8 8. Nxe5 Nxe5 9. d4 Bxd4 10. Qxd4 d6 11. Bf4 c5 12. Qd2 c4 13. Ba2 O-O 14. f3 Be6 15. Nc3 b4 16. Ne2 b3 17.
Bb1 bxc2 18. Bxc2 Rxb2 19. Rfb1 Rxb1+ 20. Rxb1 Qc7 21. Nc3 Rd8 22. Qd4 h6 23. Qb6 Qc8 24. a5 Ng6 25. Bxd6 Ne8 26. e5 Nf4 27. Qd4 Nd3 28. Rb6 Qd7 29. Rxa6 Qb7 30. Rb6 Qa7 31. a6 Nxe5 32. Nb5 Nc6 33. Rxc6 Qxd4+ 34. Nxd4 Nxd6 35. a7 Bd5 36. Rb6 Ra8 37. Rb8+ Nc8 38. Be4 Bxe4 39. fxe4 Rxa7 40. Rxc8+ Kh7 41. Rxc4 Re7 42. Nf3 f6 43. Kf2 Ra7 44. Kg3 Ra3 45. Rd4 Rb3 46. h4 Re3 47. h5 Ra3 48. Kf4 Ra5 49. g4 Ra2 50. Nh4 Rf2+ 51. Kg3 Ra2 52. Nf5 Ra3+ 53. Kf4 Ra8 54.
Rd7 Rg8 55. Ke3 Kh8 56. Kd4 Kh7 57. Kd5 Kh8 58. Ke6 Kh7 59. Rxg7+ Rxg7 60. Nxg7 Kxg7 61. Ke7 f5 62. exf5 1-0

[Event "*** Titled Tuesday Blitz"]
[Site "Chess.com"]
[Date "2021.02.09"]
[Round "5"]
[White "Kaua18"]
[Black "swisspower96"]
[Result "0-1"]
[WhiteElo "2419"]
[BlackElo "2675"]
[TimeControl "180+1"]
[EndTime "10:57:58 PST"]
[Termination "swisspower96 won on time"]

1. e4 c5 2. Nf3 Nc6 3. d4 cxd4 4. Nxd4 Nf6 5. Nc3 e5 6. Ndb5 d6 7. Bg5 a6 8. Na3 b5 9. Bxf6 gxf6 10. Nd5 f5 11. g3 Bg7 12. Bg2 fxe4 13. Bxe4 O-O 14. Ne3 Qc7 15. Qh5 h6 16. Nf5 Bxf5 17. Qxf5 Rfd8 18.
Rd1 Rac8 19. c3 Ne7 20. Qf3 Qd7 21. Bb7 Rb8 22. Bxa6 b4 23. cxb4 Qa4 24. Bc4 Qxb4+ 25. Kf1 d5 26. Bxd5 Nxd5 27. Rxd5 Qxb2 28. Rxd8+ Rxd8 29. Kg2 e4 30. Qb3 Qe2 31. Rf1 Rd3 32. Qb8+ Kh7 33.
Nc4 Rf3 34. Qc7 Rc3 35. Qxf7 Qf3+ 36. Qxf3 exf3+ 37. Kh3 Rxc4 38. g4 Be5 39. Re1 Bf4 40. Re7+ Kg6 41. Re6+ Kg5 42. Re8 Rc2 43. Rg8+ Kf6 44.
Rf8+ Ke5 45. Rf5+ Ke4 46. Rf8 Rxf2 47. Re8+ Kd5 48. g5 h5 0-1

[Event "*** Titled Tuesday Blitz"]
[Site "Chess.com"]
[Date "2021.02.09"]
[Round "5"]
[White "PlotnikovPavel"]
[Black "Michaelson_11"]
[Result "1-0"]
[WhiteElo "2544"]
[BlackElo "2271"]
[TimeControl "180+1"]
[EndTime "10:57:58 PST"]
[Termination "PlotnikovPavel won by resignation"]

1. e4 c5 2. c3 Nc6 3. d4 cxd4 4. cxd4 d5 5. e5 Bf5 6. Nc3 e6 7. Bb5 Bb4 8. Qa4 Bxc3+ 9. bxc3 Qb6 10. Ba3 Ne7 11. Bc5 Qc7 12. Bd6 Qd7 13. Ne2 a6 14. O-O O-O 15. Bxc6 bxc6 16. Ng3 Bd3 17. Rfd1 Bg6 18. h4 h6 19. h5 Bh7 20. Rd2 Rfc8 21.
Rb2 Nf5 22. Nxf5 Bxf5 23. Rb6 f6 24. Rxa6 Rxa6 25. Qxa6 fxe5 26. Bxe5 c5 27. a4 cxd4 28. cxd4 Rc6 29. Qf1 Qc8 30. a5 Qa6 31. Qxa6 Rxa6 32. Bc7 Bd3 33. Rc1 Kf7 34. f3 Bc4 35. Kf2 Ke7 36. Ke3 Kd7 37. Bb6 Kc6 38. Kf4 Ra8 39. Ke5 Rf8 40. Kxe6 Rf6+ 41. Ke7 Rf5 42. Re1 Rxh5 43.
Re6+ Kb7 44. Rg6 Rg5 45. Rxg5 hxg5 46. Kf7 Bf1 47. g3 Bg2 48. f4 gxf4 49. gxf4 Be4 50. Kxg7 Bd3 51. Kf6 Kc6 52. f5 Kd6 53. Kg6 Bc2 54.
Kg5 Bd3 55. Kg6 Bc4 56. f6 Bd3+ 57. Kg7 1-0